Map: Backwater LE

Players

Tremi - Winner!

  • Race: Protoss Protoss
  • Spawn Location: 5:00

A.I. 1 (Harder)

  • Race: Zerg Zerg
  • Spawn Location: 11:00

VOD

Have the link to the VOD?

Description

Time

  • Played on: March 9, 2018, 12:55 p.m.
  • Length: 6:48
Show
View Real Time Build Order
Export as new Build Order

Tremi Protoss - Winner!

Build Orders: 1 Gate Expand, Double Forge 

Get SALT Encoding   

  12  0:00  Probe  
  13  0:15  Pylon  
  13  0:18  Probe  
  14  0:30  Probe  
  14  0:35  Gateway  
  15  0:43  Assimilator  
  15  0:44  Probe (Chrono Boost)  
  16  0:55  Probe (Chrono Boost)  
  17  1:00  Probe (Chrono Boost)  
  18  1:11  Probe  
  19  1:23  Probe  
  20  1:30  Nexus  
  20  1:35  Pylon  
  20  1:51  Zealot (Chrono Boost)  
  20  1:52  Probe  
  23  2:02  Cybernetics Core  
  23  2:05  Probe  
  24  2:15  Zealot (Chrono Boost)  
  24  2:17  Probe (Chrono Boost)  
  27  2:27  Probe (Chrono Boost), Pylon  
  28  2:32  Probe (Chrono Boost)  
  29  2:43  Probe x2, Twilight Council  
  31  2:51  Pylon  
  31  2:55  Probe (Chrono Boost)  
  31  2:57  Pylon  
  32  3:00  Gateway  
  33  3:06  Probe (Chrono Boost)  
  33  3:07  Probe (Chrono Boost), Zealot  
  36  3:20  Forge x2  
  36  3:28  Probe x2  
  38  3:34  Zealot  
  38  3:39  Gateway  
  38  3:40  Probe x2  
  42  3:50  Gateway  
  42  3:52  Probe  
  42  3:53  Probe  
  44  4:01  Zealot x2  
  48  4:05  Probe x2  
  50  4:12  Charge (Chrono Boost)  
  50  4:17  Probe x2  
  50  4:20  Protoss Ground Weapons Level 1 (Chrono Boost)  
  50  4:22  Protoss Ground Armor Level 1 (Chrono Boost)  
  52  4:26  Zealot  
  52  4:28  Zealot x2  
  52  4:29  Probe x2  
  60  4:38  Nexus  
  60  4:44  Pylon  
  60  4:47  Pylon  
  60  4:49  Probe x2  
  62  5:01  Probe x2, Gateway  
  64  5:18  Zealot x4  
  72  5:24  Probe  
  72  5:25  Probe  
  74  5:37  Probe x2  
  76  5:45  Zealot x3  
  76  5:49  Probe x2  
  84  6:10  Zealot x2  
  88  6:12  Zealot  
  90  6:25  Nexus  
  90  6:28  Pylon  
  90  6:30  Pylon  
Show
View Real Time Build Order
Export as new Build Order

A.I. 1 (Harder) Zerg 

Build Orders: Pool First, Zergling Baneling 

Get SALT Encoding   

  12  0:00  Drone  
  13  0:12  Overlord  
  13  0:16  Drone  
  14  0:30  Drone x2  
  16  0:42  Spawning Pool  
  16  0:45  Drone  
  16  0:50  Drone  
  16  0:52  Extractor  
  16  0:55  Drone  
  17  1:06  Overlord  
  17  1:30  Queen  
  17  1:31  Zergling x2  
  20  1:34  Zergling x2  
  20  1:37  Roach Warren  
  20  1:38  Drone  
  21  1:42  Extractor  
  20  1:49  Drone  
  20  1:54  Baneling Nest  
  20  1:59  Drone  
  21  2:10  Drone  
  22  2:21  Zergling x2  
  23  2:32  Drone  
  23  2:37  Overlord, Zergling x2  
  24  2:41  Zergling x2  
  26  2:44  Zergling x2, Baneling x2  
  26  2:48  Baneling x3  
  27  2:54  Drone  
  28  3:05  Zergling x2  
  29  3:07  Metabolic Boost  
  29  3:08  Baneling  
  29  3:09  Zergling x2  
  30  3:13  Zergling x2  
  30  3:16  Zergling x2  
  32  3:21  Overlord  
  32  3:27  Zergling x2  
  33  3:38  Zergling x2  
  34  3:42  Zergling x2  
  34  3:45  Zergling x2  
  36  3:49  Zergling x2  
  36  3:52  Baneling  
  36  3:53  Baneling x4  
  36  3:54  Zergling x2  
  38  4:02  Zergling x2  
  39  4:05  Baneling  
  39  4:12  Overlord  
  39  4:13  Zergling x2  
  39  4:16  Drone  
  41  4:20  Drone  
  42  4:24  Drone  
  43  4:34  Evolution Chamber  
  43  4:35  Drone  
  43  4:44  Drone  
  43  4:45  Drone x2  
  46  5:55  Overlord, Roach  
  47  6:01  Roach  
  47  6:03  Hatchery  
  48  6:07  Roach  
Tags
 
Add a new tag
Caveats
  • Supply blocks, unpowered buildings, or Contaminate may cause inaccurate times.
  • Supply counts are checked every 10 seconds.